[Event "Fagernes Chess GM-Swiss 2024"]
[Site "Fagernes"]
[Date "2024.03.29"]
[Round "7.13"]
[White "Chasin, Nico"]
[Black "Nandhidhaa, P V"]
[Result "1/2-1/2"]
[ECO "D38"]
[WhiteElo "2447"]
[BlackElo "2305"]
[Annotator "TA"]
[PlyCount "99"]
[EventDate "2024.03.25"]
[EventType "swiss"]
[EventCountry "NOR"]
[SourceTitle "playchess.com"]
[Source "ChessBase"]
[SourceQuality "1"]
[TimeControl "40/6000+30:2400+30"]

1. d4 Nf6 2. c4 e6 3. Nf3 d5 4. Nc3 Bb4 5. Bg5 h6 6. Bxf6 Qxf6 7. Qa4+ Nc6 8. e3 O-O {[%emt 0:00:58] D38: Queen's Gambit Declined: Ragozin Defence (4 Nf3 Bb4).} 9. Be2 dxc4 10. Bxc4 Bd7 11. Qc2 (11. O-O $142) 11... Bd6 (11... e5 $142 12. O-O exd4) 12. O-O-O (12. a3 $11) 12... Rac8 $146 ({Predecessor:} 12... a6 13. Ne4 Qe7 14. Kb1 Nb4 15. Qd2 b5 16. Nxd6 Qxd6 17. Be2 Bc6 18. Rc1 Be4+ {1-0 Ibrahimli,M (2155)-Suvorov,A (2272) Wch FIDE Online U18 Europe qual rapid 2020 (4)}) 13. h4 Nb4 14. Qe2 b5 15. Ne5 $1 (15. Bxb5 Bxb5 16. Nxb5 (16. Qxb5 c5 $17) 16... Nxa2+ 17. Kb1 Nb4 $17) 15... Bxe5 16. dxe5 Qxe5 17. Rxd7 bxc4 18. Qxc4 Rb8 19. Rhd1 Nd5 20. Qc5 (20. Qd4 $11 Qf5 21. Rd2 (21. Qxa7 $2 Nxc3 22. R7d3 Nxd1 $19) 21... Nxc3 22. Qxc3) 20... Qf6 $15 21. f4 (21. Rd2 $11 {keeps the balance.}) 21... Qxh4 (21... Nb6 $17 22. R7d2 (22. Rxc7 $2 {too greedy.} Nd5 $19) 22... Qxh4) 22. Nxd5 $11 exd5 23. Qxd5 Qf6 24. Rd2 Rfe8 25. Qc5 Qa6 26. b3 Qf6 (26... Qb6 {simplifies} 27. Qxb6 axb6 28. Re2 c5) 27. Qd4 Qxd4 (27... Qb6 $11) 28. R2xd4 ({White should try} 28. exd4 $16 Rbc8 29. d5) 28... Rxe3 $11 29. Rxc7 Re2 30. Rd2 Re1+ 31. Kb2 Rf1 $2 (31... Ra8 $11) 32. Rxa7 $18 Rxf4 33. a4 (33. Rad7 $1 $18) 33... Rfb4 $1 $14 34. Rd3 Rg4 {[%emt 0:02:54] [#]} 35. g3 $1 h5 36. a5 h4 $2 (36... Ra4 $1 $14) 37. gxh4 $18 Rxh4 {[%emt 0:00:02] [#]} 38. a6 $2 (38. Rad7 $1 $18 {is the precise move to win.}) 38... Rh2+ $16 39. Ka3 Rh6 $2 (39... Rh1 $16) 40. Rd4 $2 (40. b4 $18) 40... Rhb6 $11 41. b4 Kh7 $1 42. Rh4+ Kg6 43. Rg4+ Kf6 44. Rf4+ Kg6 45. Rc4 f6 46. Ka4 Kh6 47. Rh4+ (47. Ka5 $5 Rb5+ $8 48. Ka4 $11) 47... Kg5 48. Rc4 (48. Rxg7+ $2 {loses.} Kxh4 49. a7 Rxb4+ 50. Ka3 Rb3+ 51. Ka2 Rb2+ 52. Ka3 R8b3+ 53. Ka4 Re3 $19 (53... Rb4+ $2 54. Ka5 $19)) 48... Kh6 49. Ka5 Rb5+ 50. Ka4 1/2-1/2

[Event "Fagernes Chess GM-Swiss 2024"]
[Site "Fagernes"]
[Date "2024.03.29"]
[Round "7.14"]
[White "Willow, Jonah B"]
[Black "Dushyant Sharma"]
[Result "1/2-1/2"]
[ECO "C78"]
[WhiteElo "2446"]
[BlackElo "2331"]
[Annotator "TA"]
[PlyCount "87"]
[EventDate "2024.03.25"]
[EventType "swiss"]
[EventCountry "NOR"]
[SourceTitle "playchess.com"]
[Source "ChessBase"]
[SourceQuality "1"]
[TimeControl "40/6000+30:2400+30"]

1. e4 e5 2. Nf3 Nc6 3. Bb5 a6 4. Ba4 Nf6 5. O-O b5 6. Bb3 Bc5 7. a4 Rb8 8. Nxe5 Nxe5 9. d4 Bxd4 {[%emt 0:02:34] The position is equal.} 10. Qxd4 d6 11. f4 Nc6 12. Qc3 Bb7 ({Black should try} 12... Ne7 $1 $11) 13. axb5 $14 axb5 14. e5 $36 {[%emt 0:00:04][%mdl 2048] White is pushing.} Ne4 15. Qe3 Ne7 $1 16. f5 {[%emt 0:08:08] Threatens to win with f6.} dxe5 17. Nc3 Nf6 {[%emt 0:23:29] [#]} (17... Nxc3 $14 18. bxc3 O-O) 18. Rd1 $1 $18 (18. Qxe5 $6 O-O $16) (18. Nxb5 Bxg2 19. Kxg2 Rxb5 $11) 18... Qc8 19. Qxe5 {[%emt 0:00:24] Ra7 is the strong threat.} ({But not} 19. Nxb5 $6 O-O $14) 19... Qxf5 20. Qxf5 ({White should play} 20. Qxc7 $18 O-O 21. Qxe7 Bxg2 22. Kxg2 Qg4+ 23. Kf2 Qh4+ 24. Kg2 Qg4+ 25. Kf2 Qh4+ 26. Kg2 Qg4+) 20... Nxf5 $16 21. Re1+ Kd7 22. Bxf7 Nd6 23. Be6+ Kc6 24. Ne2 Bc8 {[%emt 0:08:35][%cal Bb7c8,Bc8d7,Bd7c6][%mdl 32] [#] Black is weak on the dark squares} 25. Nd4+ $1 Kb7 26. Ba2 {[%emt 0:06:55] White has more active pieces.} (26. Bf4 $16) 26... Bd7 27. Nb3 Rbe8 28. Be3 Kb8 29. Nc5 Bc6 30. Be6 Nde4 (30... Re7 {with more complications.} 31. Bf4 Nde4 32. Bf5 Rhe8) 31. Bf7 {[%emt 0:03:42] This pair of bishops is nice.} (31. Na6+ {looks sharper.} Kb7 32. Bf5 Ra8 33. Nb4) 31... Re7 {[%emt 0:00:33] ...Nxc5 would now be deadly.} 32. Na6+ Kc8 $1 ({Reject} 32... Kb7 $6 33. Nb4 Rxf7 34. Ra7+ Kc8 35. Nxc6 $16) 33. Bb3 Rhe8 34. Bf4 Nd5 35. Bxd5 Bxd5 36. Ra3 (36. Ra5 $5) 36... g5 37. Bc1 Bb7 38. Nb4 c5 39. Nd3 Nd6 40. Rxe7 Rxe7 41. Bxg5 Re2 42. Bf4 Ne4 {[%emt 0:02:43][%cal Oc5c4] And now ...c4! would win.} (42... Rxg2+ 43. Kf1 Rg6 44. Nxc5 $18) 43. Ra1 Rxc2 {[%emt 0:01:07] Strongly threatening ...c4.} 44. Rc1 {[%emt 0:00:00] Weighted Error Value: White=0.13 (very precise) /Black=0.13 (very precise) .  Mistake:       	White=2     	Black=2      Inaccurate:     	White=3     	Black=3      OK:         	White=13    	Black=14     Best:        	White=4     	Black=3      Strong:       	White=2     	Black=2} 1/2-1/2

[Event "Fagernes Chess GM-Swiss 2024"]
[Site "Fagernes"]
[Date "2024.03.29"]
[Round "7.15"]
[White "Lindh, Fredrik"]
[Black "Sorensen, Hampus"]
[Result "0-1"]
[ECO "B90"]
[WhiteElo "2256"]
[BlackElo "2428"]
[Annotator "TA"]
[PlyCount "98"]
[EventDate "2024.03.25"]
[EventType "swiss"]
[EventCountry "NOR"]
[SourceTitle "playchess.com"]
[Source "ChessBase"]
[SourceQuality "1"]
[TimeControl "40/6000+30:2400+30"]

1. e4 c5 2. Nf3 d6 3. d4 cxd4 4. Nxd4 Nf6 5. Nc3 a6 6. Be3 e5 7. Nb3 Be7 8. f3 Be6 9. Qd2 h5 10. Nd5 Nxd5 11. exd5 Bf5 12. Be2 a5 13. a4 Nd7 {[%emt 0:04:55] The position is equal.} 14. O-O O-O 15. Bb5 Nf6 16. Rad1 Bg6 17. c3 h4 18. Qf2 Qc8 19. Qe2 (19. Qxh4 Bc2 20. Qc4 Qxc4 21. Bxc4 Rfc8 $11) 19... h3 20. g3 e4 (20... Bd8 $14) 21. Bg5 (21. Bd4 $16) 21... Bd8 {[%emt 0:13:15] [#]} (21... Qf5 $11 22. Bh4 Qh5) 22. Bxf6 $1 $16 exf3 23. Qxf3 Bxf6 24. Nd4 {[%emt 0:01:05] Inhibits Bc2.} Qc5 25. Kh1 Rac8 26. Bd7 Rcd8 27. Bf5 (27. Bxh3 $14 Bxd4 28. Rxd4) 27... Bxd4 $11 28. Rxd4 Rde8 29. g4 Qb6 30. Qxh3 Qxb2 31. g5 (31. Qg3 $11) 31... Bxf5 $17 32. Qxf5 {[%emt 0:00:04] White threatens Rh4 and mate.} Qxc3 ({Much worse is} 32... Re5 $6 33. Qh3 Qb3 (33... Rxg5 $2 {perishes.} 34. Rh4 $18) 34. g6 fxg6 35. Rxf8+ Kxf8 36. Qc8+ Ke7 37. Qc7+ Ke8 38. Qc8+ Ke7 39. Qc7+ Ke8 40. Qc8+ Ke7 $11) 33. Rh4 g6 34. Qf6 Qxf6 35. Rxf6 {[%emt 0:00:05][%cal Oh1g2][%mdl 4096] Endgame. KRR-KRR} Re1+ 36. Kg2 {[%emt 0:00:04][%cal Oh4f4] [#]} Re5 (36... Rd8 $1 $17 {And now ...Re5 would win.} 37. Rd4 Re3) 37. Rxd6 $15 Rxg5+ 38. Kf3 Rc8 {[%emt 0:00:40] Threatens to win with ...Rc3+.} 39. Rd4 (39. Rf4 $11 {remains equal.}) 39... Rc3+ $17 40. Kf2 Rc2+ 41. Kf3 Rxh2 42. Rd8+ (42. Rd7 $17) 42... Kg7 $19 43. d6 {[%emt 0:01:15] d7 is the strong threat.} Rf5+ 44. Ke3 Re5+ 45. Kf4 (45. Kd3 $17 Ree2 46. Rd5) 45... Kf6 {[%emt 0:05:51] ...Rh4+ would now be deadly.} 46. Kf3 Rhh5 47. d7 (47. Rd7 {keeps fighting.}) 47... Rhf5+ {[%emt 0:00:26] Black has a decisive advantage.} 48. Kg4 Rd5 49. Rc4 Rd1 {[%emt 0:02:31] Weighted Error Value: White=0.28 (precise) /Black=0.13 (very precise) .  Mistake:       	White=7     	Black=3      Inaccurate:     	---       	Black=2      OK:         	White=6     	Black=13     Best:        	White=5     	Black=7      Strong:       	White=1     	---} 0-1

[Event "Fagernes Chess GM-Swiss 2024"]
[Site "Fagernes"]
[Date "2024.03.29"]
[Round "7.16"]
[White "Johansson, Linus"]
[Black "Kistrup, Nicolai"]
[Result "1-0"]
[ECO "D49"]
[WhiteElo "2427"]
[BlackElo "2324"]
[Annotator "TA"]
[PlyCount "121"]
[EventDate "2024.03.25"]
[EventType "swiss"]
[EventCountry "NOR"]
[SourceTitle "playchess.com"]
[Source "ChessBase"]
[SourceQuality "1"]
[TimeControl "40/6000+30:2400+30"]

1. d4 d5 2. c4 c6 3. Nc3 Nf6 4. e3 e6 5. Nf3 Nbd7 6. Bd3 dxc4 7. Bxc4 b5 8. Bd3 a6 9. e4 c5 10. e5 cxd4 11. Nxb5 axb5 12. exf6 gxf6 13. O-O Qb6 14. Qe2 b4 $1 15. Bf4 Bd6 (15... Bc5 $11) 16. Bg3 ({Better is} 16. Bxd6 $14 Qxd6 17. Rfd1 (17. Qe4 Rb8 $11)) 16... Bb7 $11 17. a4 {[%emt 0:04:27][%cal Oa4a5] The position is equal.} Bxg3 18. hxg3 O-O 19. Rfd1 f5 {[%emt 0:07:27] Against Be4} (19... Rfd8 $11) 20. Bb5 $14 Bxf3 21. Qxf3 Nf6 22. Qf4 {[%emt 0:03:17][%mdl 1024] Dodges Qd6. White has compensation.} Ne4 {[%emt 0:02:50] Inhibits Qg5+.} 23. Bd3 Nc5 (23... Rfd8 $14) 24. Qg5+ $16 Kh8 25. Qf6+ Kg8 26. Qg5+ (26. g4 $16 Qd8 (26... Rxa4 $2 27. Rxa4 Nxa4 28. gxf5 $18) (26... fxg4 27. Qxd4 h5 28. Qe3 $16) 27. Qh6) 26... Kh8 $11 27. Qf6+ (27. a5 $11 Qd8 28. Qh6) 27... Kg8 $16 28. Bxf5 (28. g4 $16 Qd8 (28... Rxa4 $2 29. gxf5 Rxa1 30. Rxa1 $18) (28... fxg4 29. Qg5+ Kh8 30. a5 $18) 29. Qh6) 28... Qd8 $11 29. Qe5 {[%emt 0:09:36] Some like it hot} (29. Qxd4 Qxd4 (29... Nxa4 $2 30. Qg4+ Kh8 31. Rxd8 $18) 30. Rxd4 exf5 $15) 29... Nb3 $132 {[%emt 0:00:32][%cal Oa8a5][%mdl 2048] [#] ...Ra5! is the strong threat. Black has counterplay} 30. Bd3 (30. Be4 $2 Ra5 31. Qf4 f5 $17 (31... Nxa1 $2 32. Rxa1 d3 33. Qe3 $19)) 30... Nxa1 31. Qe4 f5 32. Qxe6+ Kh8 (32... Kg7 {keeps more tension.} 33. Rxa1 Ra5 34. Bb5 Ra7) 33. Rxa1 {[%emt 0:02:22][%cal Oe6e1] Black is weak on the light squares} Qf6 34. Qd5 Ra7 35. Qc5 Rg7 {[%emt 0:02:01] [#]} 36. Re1 $1 (36. Qxb4 f4 37. Rf1 Rfg8 $11) 36... f4 37. Re5 {[%emt 0:00:18] White has more active pieces.} (37. Qxb4 $2 fxg3 38. f3 Rc8 $19) (37. Re6 $1 $16 Qf7 38. g4 Qxe6 39. Qxf8+ Rg8 40. Qxb4 Qxg4 41. Qxd4+ Qg7 42. Qe4 (42. Qxf4 $2 Qxg2#)) 37... Qd8 (37... fxg3 $2 38. Rf5 gxf2+ 39. Kf1 $18) (37... Rfg8 $11) 38. Rd5 (38. Qxb4 $6 fxg3 39. fxg3 Rxg3 $11) (38. g4 $16) 38... Qe8 (38... Qe7 $11 {keeps the balance.} 39. gxf4 Rxf4 40. Qxe7 Rxe7) 39. Re5 (39. Qxb4 $2 fxg3 40. Rxd4 (40. fxg3 $2 Qe3+ 41. Kh1 Rc8 $19) 40... Rxf2 $19 (40... gxf2+ $2 41. Kf1 $19)) 39... Qd8 40. gxf4 ({Much weaker is} 40. Qxb4 $6 fxg3 41. fxg3 Rxg3 $11) 40... Rxf4 41. Re6 Rf6 (41... Qf8 $142 42. Qxf8+ Rxf8) 42. Rxf6 $16 Qxf6 43. Qxb4 {[%emt 0:00:56][%mdl 4096] Endgame. KQR-KQB} Qg5 (43... Qf4 $16) 44. Bf1 (44. Qxd4 $2 Qxg2#) ({White should play} 44. g3 $18) 44... d3 45. Qd4 $1 Qc1 ({Black should try} 45... d2) 46. Qd8+ (46. Qxd3 Qxb2 47. a5 Qe5 $16) 46... Rg8 47. Qf6+ (47. Qxd3 $16 {Strongly threatening Qd4+.} Qxb2 48. a5) 47... Rg7 $11 48. Qd8+ (48. Qd4 $11) 48... Rg8 $16 49. Qd4+ Rg7 50. Qxd3 {[%emt 0:00:06] Hoping for Qd8+.} Qxb2 51. a5 {[%emt 0:00:22] Threatens to win with Qe3.} Rf7 (51... Qe5 $142) 52. Qe3 {[%emt 0:00:22] a6 would now be deadly.} Qa1 53. Qc5 (53. a6 $18) 53... Kg8 (53... Kg7 $16 54. g3 h6) 54. g3 Rf8 $2 (54... Kg7 55. a6 Rd7 56. Qg5+ Kf8 57. Qh6+ Ke8) 55. Kg2 $18 {[%emt 0:00:41] Bc4+ would kill now.} Re8 56. Bc4+ Kh8 57. a6 {[%emt 0:00:28][%cal Ba5a6,Ba6a7][%mdl 32] Threatening mate with Bd5.} Qg7 58. Bd5 {[%emt 0:02:00] White mates.} Qa1 59. a7 Rd8 60. Qe7 ({Not} 60. a8=B Rxa8 61. Bxa8 Qxa8+ 62. Kh3 h6 $14) 60... Rc8 61. Be4 {[%emt 0:00:44] Weighted Error Value: White=0.33/Black=0.43.  Mistake:       	White=10    	Black=11     Inaccurate:     	White=2     	Black=7      OK:         	White=11    	Black=6      Best:        	White=5     	Black=3      Strong:       	White=2     	---} 1-0

[Event "Fagernes Chess GM-Swiss 2024"]
[Site "Fagernes"]
[Date "2024.03.29"]
[Round "7.17"]
[White "Celik, Hasan Huseyin"]
[Black "Shehzad, Shazil"]
[Result "1/2-1/2"]
[ECO "A20"]
[WhiteElo "2417"]
[BlackElo "2301"]
[Annotator "TA"]
[PlyCount "111"]
[EventDate "2024.03.25"]
[EventType "swiss"]
[EventCountry "NOR"]
[SourceTitle "playchess.com"]
[Source "ChessBase"]
[SourceQuality "1"]
[TimeControl "40/6000+30:2400+30"]

1. c4 e5 2. g3 c6 3. Nf3 e4 4. Nd4 d5 5. cxd5 Qxd5 6. Nc2 {[%emt 0:00:15] A20: English Opening: 1...e5.} Nf6 7. Nc3 Qe5 8. Bg2 Na6 9. a3 Nc5 10. b4 Nb3 11. Rb1 Nxc1 12. Qxc1 Bf5 13. Ne3 Bg6 14. b5 $1 Be7 15. bxc6 $1 bxc6 16. Ncd5 O-O 17. Qc3 (17. Qxc6 Nxd5 18. Qxd5 (18. Nxd5 Bxa3 19. O-O Rfc8 $11) 18... Qxd5 19. Nxd5 Bxa3 $11) 17... Qd6 $1 18. Nxe7+ Qxe7 19. O-O Rfd8 20. Rfc1 h5 21. h4 Kh7 $146 ({Predecessor:} 21... Rab8 22. Rxb8 Rxb8 23. Bh3 Nd5 24. Qxc6 Nxe3 25. dxe3 Qxa3 26. Kg2 Qb2 27. Qc7 Kh7 28. Qxa7 Rb5 29. Rc5 {½-½ Gumularz,S (2558)-Cheparinov,I (2661) EU-ch 23rd Vrnjacka Banja 2023 (3)}) 22. a4 c5 23. Qa5 ({Don't do} 23. Qxc5 $6 Qxc5 24. Rxc5 Rxd2 $18) 23... Qd7 24. Rc2 Rac8 25. Rbc1 ({Much weaker is} 25. Rxc5 Rxc5 26. Qxc5 Qxa4 $11) 25... Rb8 26. Bf1 Rb4 27. Ra2 ({Don't play} 27. Rxc5 Rxa4 28. Qc3 Qxd2 $11) 27... Rc8 28. Raa1 Qc7 29. Qxc7 Rxc7 30. Bh3 Rc6 31. a5 Ng4 32. Bxg4 hxg4 33. Kf1 f6 34. Nxg4 Bf7 35. Ne3 Bb3 36. Rab1 c4 37. Nd5 (37. Rc3 $16) 37... Rb5 $14 38. Nc3 Re5 39. Ra1 f5 40. e3 Ra6 41. Ke2 Rexa5 42. Rab1 Rd6 43. g4 Rh6 44. gxf5 Re5 45. Rg1 Rxh4 46. Rg5 Bc2 47. Rbg1 Bd3+ 48. Kd1 Re7 49. Rg6 Rh5 50. R6g5 Rxg5 51. Rxg5 Re5 52. Kc1 Kh6 53. Rg6+ Kh7 54. Rg5 Kh6 55. Rg6+ Kh7 56. Rg5 1/2-1/2

[Event "Fagernes Chess GM-Swiss 2024"]
[Site "Fagernes"]
[Date "2024.03.29"]
[Round "7.18"]
[White "Lund, Gunnar"]
[Black "Audi Ameya"]
[Result "0-1"]
[ECO "D30"]
[WhiteElo "2335"]
[BlackElo "2378"]
[Annotator "RC"]
[PlyCount "86"]
[EventDate "2024.03.25"]
[EventType "swiss"]
[EventCountry "NOR"]
[SourceTitle "playchess.com"]
[Source "ChessBase"]
[SourceQuality "1"]
[TimeControl "40/6000+30:2400+30"]

1. d4 Nf6 2. c4 e6 3. Nf3 d5 4. Bg5 h6 5. Bh4 g5 6. Bg3 Ne4 7. Nfd2 Bg7 8. cxd5 Nxg3 9. hxg3 exd5 10. e3 c5 11. Nb3 c4 12. N3d2 Nc6 13. Be2 O-O 14. Nc3 Rb8 15. b3 b5 16. bxc4 dxc4 17. O-O Bf5 18. g4 Bh7 19. Bf3 Nxd4 20. exd4 Qxd4 21. Rc1 Rbd8 22. Nde4 b4 23. Ne2 Qe5 24. Qc2 h5 25. N2g3 hxg4 26. Bxg4 Rd4 27. Rfe1 Qf4 28. Bf3 g4 29. Nh5 Qh6 30. Bxg4 Bxe4 31. Qe2 Bd3 32. Qf3 f5 33. Bh3 Be4 34. Qe2 c3 35. Ng3 Qb6 36. Nxe4 fxe4 37. Qh5 Rxf2 38. Be6+ Kf8 39. Rf1 Rdd2 40. Kh1 Qxe6 41. Qc5+ Kg8 42. Rxf2 Rxf2 43. Qxf2 Qh6+ 0-1

[Event "Fagernes Chess GM-Swiss 2024"]
[Site "Fagernes"]
[Date "2024.03.29"]
[Round "7.19"]
[White "Panda Sambit"]
[Black "Kreken, Eivind Grunt"]
[Result "1/2-1/2"]
[ECO "D41"]
[WhiteElo "2377"]
[BlackElo "2215"]
[Annotator "RC"]
[PlyCount "96"]
[EventDate "2024.03.25"]
[EventType "swiss"]
[EventCountry "NOR"]
[SourceTitle "playchess.com"]
[Source "ChessBase"]
[SourceQuality "1"]
[TimeControl "40/6000+30:2400+30"]

1. d4 d5 2. c4 e6 3. Nf3 Nf6 4. Nc3 c5 5. cxd5 Nxd5 6. e4 Nxc3 7. bxc3 cxd4 8. cxd4 Bb4+ 9. Bd2 Bxd2+ 10. Qxd2 O-O 11. h4 b6 12. Rd1 Bb7 13. Bd3 Nc6 14. Qe3 Rc8 15. O-O Nb4 16. Bb1 Qe7 17. Rd2 h6 18. Re1 Rfe8 19. h5 Nc6 20. d5 exd5 21. e5 Qb4 22. Qd3 Qf4 23. Qh7+ Kf8 24. Rxd5 Rcd8 25. Rd6 Ke7 26. Qd3 Kf8 27. Rxd8 Rxd8 28. Qa3+ Qb4 29. Qe3 Nd4 30. Nxd4 Qxd4 31. Qa3+ Kg8 32. e6 fxe6 33. Qxa7 Rf8 34. Rf1 Bxg2 35. Kxg2 Qg4+ 36. Kh1 Qh3+ 37. Kg1 Qg4+ 38. Kh1 Qxh5+ 39. Kg1 Qg4+ 40. Kh2 Qh4+ 41. Kg2 Qg4+ 42. Kh2 Rf3 43. Qb8+ Kf7 44. Qc7+ Kf6 45. Qd8+ Kf7 46. Qc7+ Kf6 47. Qd8+ Kf7 48. Qc7+ Kf6 1/2-1/2

[Event "Fagernes Chess GM-Swiss 2024"]
[Site "Fagernes"]
[Date "2024.03.29"]
[Round "7.20"]
[White "Moksh Amit Doshi"]
[Black "Andersen, Morten"]
[Result "1-0"]
[ECO "A06"]
[WhiteElo "2353"]
[BlackElo "2178"]
[Annotator "RC"]
[PlyCount "77"]
[EventDate "2024.03.25"]
[EventType "swiss"]
[EventCountry "NOR"]
[SourceTitle "playchess.com"]
[Source "ChessBase"]
[SourceQuality "1"]
[TimeControl "40/6000+30:2400+30"]

1. Nf3 d5 2. e3 Nf6 3. c4 g6 4. Nc3 Bg7 5. cxd5 Nxd5 6. h4 c5 7. h5 Nb4 8. d3 Bg4 9. h6 Be5 10. a3 Bxf3 11. gxf3 Nd5 12. Ne4 O-O 13. f4 Bh8 14. f5 Qb6 15. Qc2 Nd7 16. fxg6 fxg6 17. Bh3 e6 18. Bd2 Ne5 19. Ke2 Rac8 20. f4 Nf7 21. Bg4 Rc6 22. Rac1 Qxb2 23. Qxb2 Bxb2 24. Rxc5 Nd8 25. Rxc6 bxc6 26. Rb1 Bxa3 27. Ra1 Bb2 28. Rxa7 Nf6 29. Nxf6+ Bxf6 30. Bb4 Re8 31. e4 Nf7 32. e5 Bh4 33. Bf3 c5 34. Bxc5 Nxh6 35. d4 Rd8 36. Bc6 Nf5 37. Bd7 Kf7 38. d5 exd5 39. Bxf5+ 1-0

[Event "Fagernes Chess GM-Swiss 2024"]
[Site "Fagernes"]
[Date "2024.03.29"]
[Round "7.21"]
[White "Nielsen, Viktor Haarmark"]
[Black "Aamodt, Peder Marcus"]
[Result "1-0"]
[ECO "E04"]
[WhiteElo "2351"]
[BlackElo "1941"]
[Annotator "RC"]
[PlyCount "97"]
[EventDate "2024.03.25"]
[EventType "swiss"]
[EventCountry "NOR"]
[SourceTitle "playchess.com"]
[Source "ChessBase"]
[SourceQuality "1"]
[TimeControl "40/6000+30:2400+30"]

1. d4 d5 2. c4 e6 3. Nf3 Nf6 4. g3 dxc4 5. Bg2 a6 6. O-O Nc6 7. Nbd2 b5 8. b3 Rb8 9. bxc4 Nxd4 10. Nxd4 Qxd4 11. Rb1 Be7 12. Qc2 O-O 13. cxb5 axb5 14. Qxc7 Qd6 15. Qxd6 Bxd6 16. Rd1 Be7 17. Bb2 b4 18. Nb3 Bb7 19. Na5 Bxg2 20. Kxg2 Rfc8 21. Rbc1 Rxc1 22. Rxc1 h6 23. Nc6 Rb7 24. Be5 Bf8 25. Nd8 Rb5 26. f4 Nd7 27. Bd4 Rd5 28. Nc6 Nb8 29. Nxb8 Rxd4 30. Rc2 g5 31. Nc6 Rd5 32. Ne5 gxf4 33. gxf4 Rb5 34. Rc8 Kg7 35. Rc7 Ra5 36. Rxf7+ Kg8 37. Rb7 Rxa2 38. Kf3 Rb2 39. Nc6 Rb1 40. Nd4 Rf1+ 41. Ke4 Re1 42. e3 Bc5 43. Nxe6 Bxe3 44. Kf5 Bd2 45. Kf6 Bc3+ 46. Ke7 h5 47. h4 Kh7 48. Kf7 Rf1 49. Ng5+ 1-0

[Event "Fagernes Chess GM-Swiss 2024"]
[Site "Fagernes"]
[Date "2024.03.29"]
[Round "7.22"]
[White "Melaa, Sondre"]
[Black "Mihajlov, Sebastian"]
[Result "1-0"]
[ECO "C55"]
[WhiteElo "2285"]
[BlackElo "2373"]
[Annotator "RC"]
[PlyCount "165"]
[EventDate "2024.03.25"]
[EventType "swiss"]
[EventCountry "NOR"]
[SourceTitle "playchess.com"]
[Source "ChessBase"]
[SourceQuality "1"]
[TimeControl "40/6000+30:2400+30"]

1. e4 e5 2. Nf3 Nc6 3. Bc4 Nf6 4. d3 h6 5. O-O d6 6. a4 g6 7. Nc3 Bg7 8. Re1 O-O 9. a5 a6 10. Nd5 Nxd5 11. Bxd5 Nxa5 12. Rxa5 c6 13. Bd2 cxd5 14. exd5 g5 15. h3 g4 16. Nh2 gxh3 17. Qh5 Qf6 18. gxh3 Qg6+ 19. Qxg6 fxg6 20. Kg2 g5 21. Bb4 b6 22. Raa1 Rd8 23. Ng4 a5 24. Bd2 Bf5 25. Ne3 Bg6 26. Nc4 Bf7 27. Nxb6 Ra6 28. Bxa5 Rb8 29. c4 e4 30. dxe4 Bxb2 31. Ra2 Rbxb6 32. Bxb6 Rxa2 33. Re2 Bh5 34. Rd2 Kf8 35. c5 dxc5 36. Bxc5+ Ke8 37. Bb4 Bg6 38. f3 Bf7 39. h4 Kd7 40. e5 Bxe5 41. Rxa2 Bxd5 42. Ra5 Ke6 43. Ra6+ Kf5 44. Ra5 Ke6 45. Kf2 Bd4+ 46. Ke2 Bc4+ 47. Ke1 gxh4 48. Rh5 Bf6 49. Rxh6 Kf5 50. Bd2 Bf7 51. Kf1 Bg6 52. Be1 Bg5 53. Rh8 Bf6 54. Rf8 Ke6 55. Kg2 Bf5 56. Ra8 Kf7 57. Ra4 h3+ 58. Kh2 Kg6 59. Bg3 Kf7 60. Bf4 Kg6 61. Kg3 Kf7 62. Ra5 Ke6 63. Rb5 Bd4 64. Ra5 Bf6 65. Ra6+ Kf7 66. Ra4 Kg6 67. Kf2 Bd7 68. Ra6 Kf7 69. Ke3 Bf5 70. Bg3 Bg5+ 71. Kd4 Bf6+ 72. Kd5 Bd3 73. Rc6 Bb5 74. Rc7+ Kg6 75. Ke4 Bf1 76. Kf4 Bd3 77. Rc6 Bf5 78. Bh2 Bd7 79. Rd6 Bf5 80. Bg1 Bc8 81. Bd4 h2 82. Rxf6+ Kh7 83. Rf8 1-0

[Event "Fagernes Chess GM-Swiss 2024"]
[Site "Fagernes"]
[Date "2024.03.29"]
[Round "7.23"]
[White "Kenneskog, Theodor"]
[Black "Daakshin Arun"]
[Result "1/2-1/2"]
[ECO "B90"]
[WhiteElo "2358"]
[BlackElo "2283"]
[Annotator "RC"]
[PlyCount "38"]
[EventDate "2024.03.25"]
[EventType "swiss"]
[EventCountry "NOR"]
[SourceTitle "playchess.com"]
[Source "ChessBase"]
[SourceQuality "1"]
[TimeControl "40/6000+30:2400+30"]

1. e4 c5 2. Nf3 d6 3. d4 cxd4 4. Nxd4 Nf6 5. Nc3 a6 6. Be3 e5 7. Nb3 Be6 8. f3 h5 9. Nd5 Bxd5 10. exd5 Nbd7 11. Qd2 g6 12. O-O-O Nb6 13. Kb1 Nbxd5 14. Bg5 Be7 15. Bd3 Qc7 16. Rhe1 Nb6 17. f4 O-O-O 18. c4 Kb8 19. Qe2 e4 1/2-1/2

[Event "Fagernes Chess GM-Swiss 2024"]
[Site "Fagernes"]
[Date "2024.03.29"]
[Round "7.24"]
[White "Carlsson, Ludvig"]
[Black "Krishnan, Ritvik"]
[Result "0-1"]
[ECO "D38"]
[WhiteElo "2350"]
[BlackElo "2277"]
[Annotator "RC"]
[PlyCount "75"]
[EventDate "2024.03.25"]
[EventType "swiss"]
[EventCountry "NOR"]
[SourceTitle "playchess.com"]
[Source "ChessBase"]
[SourceQuality "1"]
[TimeControl "40/6000+30:2400+30"]

1. Nf3 d5 2. d4 Nf6 3. c4 e6 4. Nc3 Bb4 5. Bg5 h6 6. Bxf6 Qxf6 7. e3 O-O 8. Rc1 dxc4 9. Bxc4 c5 10. O-O cxd4 11. Nxd4 Bd7 12. Qb3 Nc6 13. Nxc6 Bxc3 14. Qxc3 Bxc6 15. Qxf6 gxf6 16. Rfd1 Rfd8 17. f3 Kf8 18. e4 Ke7 19. Kf2 Rxd1 20. Rxd1 Rd8 21. Rxd8 Kxd8 22. Kg3 Ke7 23. Kf4 b6 24. a3 Bb7 25. Bb5 Ba8 26. Kg4 Kf8 27. Kh5 Kg7 28. Bd7 Bb7 29. Bb5 Kh7 30. Kg4 Kg7 31. h3 Kf8 32. h4 Kg7 33. Kh5 Kh7 34. Be2 Kg7 35. Bd3 Bc6 36. b3 Bb7 37. Bb5 Bc8 38. b4 0-1